 Dungeon Crawl Stone Soup version 0.31.0-32-g396128a36d (webtiles) character file.

Game seed: 10133359322412852589

4792 imdaedric the Cleaver (level 10, -2/93 HPs)
             Began as a Hill Orc Fighter on Apr 18, 2024.
             Was an Initiate of Makhleb.
             Splashed by a jelly's acid (8 damage)
             ... on level 8 of the Dungeon.
             The game lasted 00:12:01 (6133 turns).

imdaedric the Cleaver (Hill Orc Fighter)            Turns: 6133, Time: 00:12:01

Health: -2/93      AC:  0    Str: 27    XL:     10   Next: 48%
Magic:  10/10      EV: 10    Int:  8    God:    Makhleb [......]
Gold:   509        SH: 10    Dex: 10    Spells: 9/9 levels left

rFire   . . .        a - +0 war axe
rCold   + . .        B - +0 kite shield
rNeg    . . .        k - +4 ring mail "Syn Becw" {rC+ Regen+ Str+3}
rPois   .            t - +2 hat
rElec   .            D - +1 cloak
rCorr   .            A - +0 pair of gloves
SInv    +            (no boots)
Will    .....        x - amulet of the acrobat Stlth
                     l - +4 ring of protection
HPRegen 1.15/turn    q - ring of see invisible
MPRegen 0.12/turn

%: acrobat
@: corroded
A: no striking features
a: Renounce Religion


You were on level 8 of the Dungeon.
You worshipped Makhleb.
Makhleb was noncommittal.
You visited 2 branches of the dungeon, and saw 9 of its levels.

You collected 509 gold pieces.

Inventory:

Hand Weapons
 a - a +0 war axe (weapon)
 s - a +0 battleaxe
 C - a +0 spear of freezing
Armour
 k - the +4 ring mail "Syn Becw" (worn) {rC+ Regen+ Str+3}
   (You found it on level 2 of the Dungeon)

   Str+3:     It affects your strength (+3).
   rC+:       It protects you from cold.
   Regen+:    It increases your rate of health regeneration.
 t - a +2 hat (worn)
 A - a +0 pair of gloves (worn)
 B - a +0 kite shield (worn)
 D - a +1 cloak (worn)
 E - a +0 plate armour
Jewellery
 l - a +4 ring of protection (left hand)
 p - a +5 ring of evasion
 q - a ring of see invisible (right hand)
 r - a ring of fire
 u - a ring of ice
 w - a +6 ring of intelligence
 x - an amulet of the acrobat (around neck)
Scrolls
 b - 2 scrolls of noise
 c - a scroll of brand weapon {unknown}
 f - 2 scrolls of blinking
 g - 3 scrolls of amnesia
 i - 4 scrolls of enchant armour
 j - a scroll of immolation
 n - 2 scrolls of revelation
 v - 3 scrolls of identify
 y - a scroll of enchant weapon
Potions
 d - a potion of enlightenment
 e - 2 potions of lignification {unknown}
 h - 5 potions of curing
 m - a potion of brilliance
 o - a potion of attraction
 z - a potion of might


   Skills:
 + Level 9.8 Fighting
 + Level 10.2 Axes
 + Level 8.9 Armour
 + Level 9.0 Shields


You had 9 spell levels left.
You didn't know any spells.
Your spell library contained the following spells:

 Spells                   Type           Power      Damage    Failure   Level
 Lesser Beckoning         Tloc           0%         N/A       83%         2
 Dazzling Flash           Conj/Hex       0%         N/A       97%         3
 Gell's Gravitas          Tloc           0%         N/A       97%         3
 Teleport Other           Tloc           0%         N/A       97%         3
 Volatile Blastmotes      Fire/Tloc      0%         2d10      97%         3
 Starburst                Conj/Fire      0%         6d3       100%        6
 Malign Gateway           Summ/Tloc      0%         N/A       100%        7
 Maxwell's Capacitive Co  Air            0%         ∞         100%        8
 Summon Horrible Things   Summ           0%         N/A       100%        8


Dungeon Overview and Level Annotations

Branches:
Dungeon (8/15)             Temple (1/1) D:7
   Lair: D:8-11

Altars:
Cheibriados
Elyvilon
Fedhas
Gozag
Hepliaklqana
Kikubaaqudgha
Makhleb
Nemelex Xobeh
Okawaru
Qazlal
Ru
Sif Muna
Trog
Uskayaw
Vehumet
Wu Jian
Xom
Yredelemnul
Zin
The Shining One
Jiyva

Shops:
D:2 :


Message History

You hit the jelly but do no damage.
Your hands burn!
The jelly is lightly wounded.
You slash the jelly!
You kill the jelly!
Makhleb accepts your kill.
You hit the jelly but do no damage.
Your hands burn!
The jelly hits you but does no damage. The jelly hits you.
You are splashed with acid.
You hit the jelly but do no damage.
Your hands burn!
The jelly is lightly wounded.
You completely miss the jelly. The jelly closely misses you.
You block the jelly's attack.
You hit the jelly.
Your hands burn!
The jelly is lightly wounded.
You hit the jelly. The acid corrodes you!
Your hands burn!
* * * LOW HITPOINT WARNING * * *
You block the jelly's attack. The jelly hits you but does no damage.
You hit the jelly but do no damage.
Your hands burn!
* * * LOW HITPOINT WARNING * * *
The jelly is lightly wounded.
You hit the jelly but do no damage. The acid corrodes you!
Your hands burn!
* * * LOW HITPOINT WARNING * * *
The jelly hits you.
* * * LOW HITPOINT WARNING * * *
You are splashed with acid!
* * * LOW HITPOINT WARNING * * *
You block the jelly's attack.
You feel better. You block the jelly's attack. The jelly hits you.
* * * LOW HITPOINT WARNING * * *
You are splashed with acid!
* * * LOW HITPOINT WARNING * * *
You hit the jelly but do no damage.
Your hands burn!
* * * LOW HITPOINT WARNING * * *
The jelly is lightly wounded.
You hit the jelly.
Your hands burn!
* * * LOW HITPOINT WARNING * * *
The jelly hits you.
* * * LOW HITPOINT WARNING * * *
You are splashed with acid!
You die...

.......................
.......................
.......................
_......................
...............#......
#.........!....#####
..####.........###..## #
......JJ.#...........#
#..##.@##.........#.###
......†.##.........#....
......#.##.........####.
##......##.........# ##
#... ..##........)# #
#.....<##.........# ###
#####.........#
#.........# ###########


You could see 2 jellies.

Vanquished Creatures
  A two-headed ogre (D:7)
  Joseph (D:7)
  Grinder (D:3)
  A hornet (D:7)
  Prince Ribbit (D:7)
  6 yaks (D:8)
  A water moccasin (D:6)
  3 sky beasts
  4 black bears
  2 ogres (D:5)
  2 centaurs
  Blork the orc (D:5)
  2 bullfrogs
  A gnoll sergeant (D:7)
  A scorpion (D:6)
  A howler monkey (D:6)
  5 hounds
  2 orc priests
  5 iguanas
  6 jellies
  Jessica (D:3)
  Natasha (thrice) (D:3)
  Crazy Yiuf (D:7)
  3 sleepcaps (D:6)
  An orc wizard (D:4)
  Robin (D:3)
  6 gnolls
  7 adders
  3 shadow imps
  2 white imps
  2 dart slugs (D:1)
  19 orcs
  4 bats
  5 endoplasms
  A giant cockroach (D:2)
  13 goblins
  7 hobgoblins
  6 jackals (D:2)
  5 kobolds
  3 quokkas
  12 ball pythons
  3 frilled lizards
  3 rats
158 creatures vanquished.

Notes
Turn   | Place    | Note
-------+----------+-------------------------------------------
     0 | D:1      | imdaedric the Hill Orc Fighter began the quest for the Orb.
     0 | D:1      | Reached XP level 1. HP: 19/19 MP: 1/1
   136 | D:1      | Reached XP level 2. HP: 27/27 MP: 2/2
   137 | D:1      | Reached skill level 3 in Axes
   301 | D:1      | Reached XP level 3. HP: 31/33 MP: 3/3
   640 | D:2      | Identified the +4 ring mail "Syn Becw" {rC+ Regen+ Str+3}
  1083 | D:2      | Found Jaxer's Book Shop.
  1257 | D:2      | Reached XP level 4. HP: 40/40 MP: 4/4
  1528 | D:3      | Noticed Natasha
  1528 | D:3      | Noticed Grinder
  1533 | D:3      | Killed Natasha
  1537 | D:3      | Paralysed by Grinder for 2 turns
  1542 | D:3      | Killed Grinder
  1543 | D:3      | Reached skill level 5 in Fighting
  1543 | D:3      | Reached skill level 4 in Axes
  1543 | D:3      | Reached XP level 5. HP: 41/48 MP: 5/5
  1543 | D:3      | Reached XP level 6. HP: 48/56 MP: 6/6
  1576 | D:3      | Noticed Natasha
  1583 | D:3      | Killed Natasha
  1642 | D:3      | Noticed Robin
  1666 | D:3      | Reached skill level 5 in Axes
  1686 | D:3      | Killed Robin
  1752 | D:3      | Noticed Natasha
  1759 | D:3      | Killed Natasha
  1865 | D:3      | Noticed Jessica
  1868 | D:3      | Killed Jessica
  1869 | D:3      | Reached skill level 5 in Armour
  1869 | D:3      | Reached skill level 5 in Shields
  1933 | D:3      | Found a faded altar of an unknown god.
  2158 | D:4      | Reached XP level 7. HP: 59/61 MP: 7/7
  2758 | D:4      | Found a shimmering altar of Xom.
  2759 | D:4      | Found a sparkling altar of Nemelex Xobeh.
  2797 | D:4      | Found a white marble altar of Elyvilon.
  2866 | D:5      | Entered Level 5 of the Dungeon
  2950 | D:5      | Reached skill level 6 in Axes
  3122 | D:5      | Reached XP level 8. HP: 53/71 MP: 8/8
  3357 | D:5      | Found a bloodstained altar of Trog.
  3583 | D:5      | Noticed Blork the orc
  3593 | D:5      | Killed Blork the orc
  4205 | D:6      | Reached skill level 7 in Axes
  4631 | D:6      | Reached XP level 9. HP: 79/79 MP: 9/9
  4742 | D:6      | Reached skill level 8 in Axes
  4877 | D:7      | Noticed Prince Ribbit
  4897 | D:7      | Killed Prince Ribbit
  5120 | D:7      | Noticed a hornet
  5122 | D:7      | Paralysed by a hornet for 2 turns
  5129 | D:7      | Killed a hornet
  5151 | D:7      | Noticed a two-headed ogre
  5167 | D:7      | Killed a two-headed ogre
  5168 | D:7      | Reached skill level 9 in Axes
  5353 | D:7      | Found a staircase to the Ecumenical Temple.
  5370 | Temple   | Found a transporter.
  5370 | Temple   | Found a transporter.
  5370 | Temple   | Found a transporter.
  5370 | Temple   | Found a transporter.
  5370 | Temple   | Entered the Ecumenical Temple
  5385 | Temple   | Became a worshipper of Makhleb the Destroyer
  5549 | D:7      | Found a runed translucent door.
  5550 | D:7      | Noticed Crazy Yiuf
  5712 | D:7      | Noticed Joseph
  5725 | D:7      | Killed Joseph
  5726 | D:7      | Reached XP level 10. HP: 88/91 MP: 10/10
  5866 | D:7      | Killed Crazy Yiuf
  5986 | D:8      | Found a hazy altar of Hepliaklqana.
  6032 | D:8      | Reached skill level 10 in Axes
  6117 | D:8      | Found a viscous altar of Jiyva.
  6133 | D:8      | Splashed by a jelly's acid

Illustrated notes

Levels and vault maps discovered:
D:1:      dpeg_arrival_more_subterranean_lakeside_camping, layout_basic,
          minmay_tromino_v7
D:2:      layout_loops_corners, serial_shops, shop_statue, moated_statue
D:3:      layout_rooms, hellmonk_ecumenical_altar_inner_sanctum, uniq_jessica,
          uniq_natasha, uniq_grinder, uniq_robin
D:4:      layout_loops_ring, nicolae_overflow_hidden_temple, minmay_crossroads
D:5:      layout_basic, marbit_many_paths, uniq_blork_the_orc
D:6:      layout_rooms, minivault_23, kennysheep_windowed_goal
D:7:      layout_basic, minmay_temple_entry_glass, uniq_joseph,
          uniq_prince_ribbit1, uniq_crazy_yiuf_cottage
D:8:      layout_rooms, mainiacjoe_overflow_alcove_4, jiyva_altar_1
Temple:   hellmonk_temple_divided_pantheon

Skill      XL: |  1  2  3  4  5  6  7  8  9 10 |
---------------+-------------------------------+-----
Axes           | 3 4 5 6 7 9 10 | 10.2
Fighting       | 4 5 6 7 9 |  9.8
Armour         | 4 5 6 8 |  8.9
Shields        | 4 5 6 8 9 |  9.0

Action                     |  1- 3 |  4- 6 |  7- 9 | 10-12 || total
---------------------------+-------+-------+-------+-------++-------
  Melee: War axe           |    63 |   108 |   320 |    57 ||   548
    Use: Scroll            |     6 |     3 |     5 |       ||    14
         Potion            |       |     3 |     1 |     1 ||     5
 Armour: Scale mail        |    23 |       |       |       ||    23
         Ring mail         |    19 |    79 |   242 |    58 ||   398
  Dodge: Dodged            |    37 |    46 |   158 |    25 ||   266
  Block: Buckler           |    11 |    26 |    63 |       ||   100
         Kite shield       |       |       |    29 |    35 ||    64
